 Dungeon Crawl Stone Soup version 0.31-a0-931-g7b59d4eb97 (webtiles) character file.

Game seed: 14265507234948157311

39 voltaire321 the Sneak (level 3, -2/20 HPs)
             Began as a Kobold Enchanter on Oct 20, 2023.
             Slain by Terence
             ... wielding a +2 flail of venom
              (13 damage)
             ... on level 2 of the Dungeon.
             The game lasted 00:03:01 (1150 turns).

voltaire321 the Sneak (Kobold Enchanter)            Turns: 1150, Time: 00:03:02

Health: -2/20      AC:  2    Str:  7    XL:     3   Next: 67%
Magic:  0/6        EV: 15    Int: 16    God:
Gold:   26         SH:  0    Dex: 15    Spells: 4/6 levels left

rFire   . . .        a - +1 dagger
rCold   . . .        (no shield)
rNeg    . . .        b - +0 robe
rPois   +            (no helmet)
rElec   .            (no cloak)
rCorr   .            (no gloves)
SInv    .            (no boots)
Will    .....        (no amulet)
Stlth   ++++         d - ring of poison resistance
HPRegen 0.23/turn    (no ring)
MPRegen 0.10/turn

%: no passive effects
@: very slightly contaminated
A: small, no large weapons, nightstalker 3
a: no special abilities


You were on level 2 of the Dungeon.
You visited 1 branch of the dungeon, and saw 2 of its levels.

You collected 26 gold pieces.

Inventory:

Hand Weapons
 a - a +1 dagger (weapon)
 h - a +0 short sword
Armour
 b - a +0 robe (worn)
Jewellery
 d - a ring of poison resistance (left hand)
Scrolls
 g - a scroll of fear {unknown}
 i - 2 scrolls of identify {unknown}
 j - 3 scrolls of butterflies {unknown}
 l - a scroll of fog {unknown}
Potions
 c - 2 potions of invisibility
 e - 2 potions of curing {unknown}
 f - a potion of brilliance {unknown}
 k - a potion of heal wounds {unknown}


   Skills:
 + Level 0.8 Fighting
 + Level 2.1 Short Blades
 + Level 0.4 Armour
 + Level 2.7 Dodging
 + Level 4.5 Stealth
 + Level 2.4 Spellcasting
 + Level 3.1 Hexes
 + Level 0.2 Ice Magic


You had 4 spell levels left.
You knew the following spells:

 Your Spells              Type           Power      Damage    Failure   Level
a - Ensorcelled Hibernat  Hex/Ice        14%        N/A       16%         2

Your spell library contained the following spells:

 Spells                   Type           Power      Damage    Failure   Level
 Confusing Touch          Hex            12%        N/A       16%         3
 Tukima's Dance           Hex            12%        N/A       16%         3
 Dazzling Flash           Conj/Hex       14%        N/A       30%         3


Dungeon Overview and Level Annotations

Branches:
Dungeon (2/15)

Altars:

Annotations:
D:2 Terence


Innate Abilities, Weirdness & Mutations

You are small and have problems with some larger weapons.
You are completely attuned to the shadows.


Message History

Press: ? - help, Q - select action Shift-Dir - straight line, f - quokka
Aim: a quokka (chance to affect: 58%)
The quokka resists with significant effort.
The quokka bites you but does no damage.
Aiming: Ensorcelled Hibernation (safe; 16% risk of failure)
Press: ? - help, Q - select action Shift-Dir - straight line, f/p - quokka
Aim: a quokka (chance to affect: 58%)
The quokka looks drowsy...
The helpless quokka fails to defend itself.
You impale the quokka!!
You kill the quokka!
You start resting.
HP restored.
You start resting.
Magic restored.
Found a stone staircase leading down.
A bat comes into view.
Terence the Incautious comes into view.
He is wielding a +2 flail of venom and wearing a +4 ring mail of willpower.
Terence hits you with a +2 flail of venom!
Ouch! That really hurt!
You hit Terence but do no damage.
Aiming: Ensorcelled Hibernation (safe; 16% risk of failure)
Press: ? - help, Q - select action Shift-Dir - straight line, f - Terence
Aim: Terence, wielding a +2 flail of venom and wearing a +4 ring mail of willpower (chance to affect: 18%) Terence resists with almost no effort.
Terence closely misses you.
Aiming: Ensorcelled Hibernation (safe; 16% risk of failure)
Press: ? - help, Q - select action Shift-Dir - straight line, f/p - Terence
Aim: Terence, wielding a +2 flail of venom and wearing a +4 ring mail of willpower (chance to affect: 18%) Terence resists with almost no effort.
Terence closely misses you.
Aiming: Ensorcelled Hibernation (safe; 16% risk of failure)
Press: ? - help, Q - select action Shift-Dir - straight line, f/p - Terence
Aim: Terence, wielding a +2 flail of venom and wearing a +4 ring mail of willpower (chance to affect: 18%)
You miscast Ensorcelled Hibernation.
You are very lightly contaminated with residual magic.
Nothing appears to happen.
Terence hits you with a +2 flail of venom!
Ouch! That really hurt!
You die...

#.....#
#.....#
####.....+
.....@...#
..b..@...#
.........#
..........
........##
#####.....
####...##.
#....####
#>.......
####.####
### ###


You could see Terence and a bat (asleep).

Vanquished Creatures
  An adder (D:2)
  2 dart slugs
  An endoplasm (D:1)
  2 giant cockroaches (D:1)
  3 goblins
  2 hobgoblins
  3 kobolds (D:2)
  A quokka (D:2)
  4 ball pythons
  4 frilled lizards (D:1)
  3 rats
26 creatures vanquished.

Notes
Turn   | Place    | Note
-------+----------+-------------------------------------------
     0 | D:1      | voltaire321 the Kobold Enchanter began the quest for the
                  | Orb.
     0 | D:1      | Reached XP level 1. HP: 10/10 MP: 3/3
   178 | D:1      | Reached XP level 2. HP: 15/15 MP: 5/5
   793 | D:1      | Learned a level 2 spell: Ensorcelled Hibernation
   879 | D:2      | Reached XP level 3. HP: 20/20 MP: 6/6
  1143 | D:2      | Noticed Terence
  1150 | D:2      | Slain by Terence

Illustrated notes

Levels and vault maps discovered:
D:1:      lordsloth_arrival_two_stooges, layout_basic, minmay_misc_feat_roman,
          chequers_mini_garden
D:2:      layout_basic, uniq_terence

Skill      XL: |  1  2  3 |
---------------+----------+-----
Short Blades   | 2 |  2.1
Fighting       | |  0.8
Armour         | |  0.4
Dodging        | |  2.7
Stealth        | |  4.5
Spellcasting   | |  2.4
Hexes          | |  3.1
Ice Magic      | |  0.2

Action                     || total
---------------------------++-------
  Melee: Dagger            ||    58
         Punch             ||     1
   Cast: Ensorcelled Hiber ||     5
   Stab: Sleeping          ||    16
 Armour: Robe              ||    17
  Dodge: Dodged            ||    25

Table legend: (Time is in decaauts)
 A = Elapsed time spent in this place.
 B = Non-inter-level travel time spent in this place.
 C = Inter-level travel time spent in this place.
 D = Time resting spent in this place.
 E = Time spent auto-exploring this place.
 F = Levels seen in this place.
 G = Mean time per level.
                   A        B        C        D        E       F      G
               +--------+--------+--------+--------+--------+-----+--------+
         Total |   1143 |   1121 |     22 |     37 |    844 |   2 |  571.5 |
       Dungeon |   1143 |   1121 |     22 |     37 |    844 |   2 |  571.5 |
               +--------+--------+--------+--------+--------+-----+--------+

Top non-repeatable levels by time:
     D:1: 792 daAuts
     D:2: 351 daAuts
